 Dungeon Crawl Stone Soup version 0.31.0-4-g52a2dc7128 (webtiles) character file.

Game seed: 14125626190057326273

217 Jase the Chopper (level 5, -6/48 HPs)
             Began as a Hill Orc Monk on Jan 22, 2024.
             Was an Elder of Jiyva.
             Mangled by Menkaure (22 damage)
             ... in an ossuary.
             The game lasted 00:10:47 (3179 turns).

Jase the Chopper (Hill Orc Monk)                    Turns: 3179, Time: 00:10:48

Health: -6/48      AC:  7    Str: 16    XL:     5   Next: 94%
Magic:  5/5        EV:  8    Int: 10    God:    Jiyva [****..]
Gold:   74         SH:  0    Dex: 13    Spells: 4/4 levels left

rFire   . . .        a - +0 hand axe
rCold   . . .        d - orb {light}
rNeg    + . .        j - +0 chain mail
rPois   .            t - +0 helmet
rElec   .            (no cloak)
rCorr   +            r - +0 pair of gloves
SInv    .            (no boots)
Will    .....        (no amulet) Stlth
                     e - ring of positive energy
HPRegen 1.56/turn    (no ring)
MPRegen 0.73/turn

%: resist mutation
@: glowing
A: mutation resistance 3, pseudopods 1
a: Renounce Religion, Oozemancy, Slimify


You were in an ossuary.
You worshipped Jiyva.
Jiyva was greatly pleased with you.
You visited 1 branch of the dungeon, and saw 4 of its levels.
You also visited: Ossuary.

You collected 134 gold pieces.
You spent 60 gold pieces at shops.

Inventory:

Hand Weapons
 a - a +0 hand axe (weapon)
Missiles
 b - 6 stones (quivered)
Armour
 d - an orb of light (worn)
 j - a +0 chain mail (worn)
 r - a +0 pair of gloves (worn)
 t - a +0 helmet (worn)
Jewellery
 e - a ring of positive energy (left hand)
Wands
 s - a wand of flame (2)
 w - a wand of digging (8)
Scrolls
 f - a scroll of acquirement {unknown}
 g - a scroll of vulnerability {unknown}
 h - 2 scrolls of noise {unknown}
 l - a scroll of teleportation
 o - a scroll of enchant armour {unknown}
 p - a scroll of fog {unknown}
 q - a scroll of revelation {unknown}
 v - 3 scrolls of immolation {unknown}
Potions
 c - a potion of ambrosia
 i - 2 potions of enlightenment
 k - 2 potions of heal wounds
 m - 2 potions of mutation
 n - a potion of berserk rage
 u - 2 potions of curing


   Skills:
 + Level 5.0 Fighting
 + Level 6.0 Axes
 + Level 3.2 Armour
 - Level 2.6 Dodging


You had 4 spell levels left.
You didn't know any spells.
Your spell library contained the following spells:

 Spells                   Type           Power      Damage    Failure   Level
 Tukima's Dance           Hex            0%         N/A       100%        3
 Dimensional Bullseye     Hex/Tloc       0%         N/A       100%        4
 Iskenderun's Mystic Bla  Conj/Tloc      0%         2d3       100%        4


Dungeon Overview and Level Annotations

Branches:
Dungeon (4/15)            Ossuary (1/1)
 Temple: D:4-7

Altars:
Kikubaaqudgha
Jiyva

Shops:
D:3 ?

Annotations:
D:4 4 exclusions Ossuary Menkaure


Innate Abilities, Weirdness & Mutations

You are almost entirely resistant to further mutation and mutation removal.
Armour fits poorly on your pseudopods.


Message History

Menkaure mumbles some strange words.
Menkaure seems to speed up.
The mummy closely misses you. The mummy hits you!
You hit the mummy but do no damage.
The mummy is severely damaged.
You hit the mummy. You hit the mummy.
You bludgeon the mummy, but do no damage.
The mummy is severely damaged.
You hit the mummy. The mummy hits you but does no damage.
The mummy closely misses you.
Menkaure calls on the powers of darkness!
Your body is wracked with pain!
Menkaure says, "Why can't you leave me to my rest?"
Menkaure hits you!
* * * LOW HITPOINT WARNING * * *
The mummy hits you!
* * * LOW HITPOINT WARNING * * *
You see here a scroll of identify.
Unknown command.
Unknown command.
You feel much better.
Menkaure grins.
Menkaure hits you. The mummy barely misses you.
You slash Menkaure!
Menkaure is moderately damaged.
You hit the mummy. x2
You destroy the mummy!
Menkaure hits you! The mummy hits you.
* * * LOW HITPOINT WARNING * * *
Your Fighting skill increases to level 5!
You hit Menkaure.
Menkaure is heavily damaged.
You hit the mummy.
Menkaure mumbles drily.
Menkaure closely misses you.
You hit Menkaure but do no damage.
You bludgeon Menkaure, but do no damage.
Menkaure is heavily damaged.
You hit the mummy. Menkaure hits you!!
You die...

##..##..##....##..##..##
##..##..##..##..##..##..##
##..##..##..####..##..##..##
##..##..##..##..##..##..##.^##
##..##..##.J##????##..##..##..##
##.^##..##..##!.?!.!##..##..##..#
#..##..##..##...∩∩...##..##..##..
..##..##.^##...M......##..##..##.
.##..##..##.....@M.....##..##..##
##..##..##''##############..##..#
#..##..##....................##..
..##.J##########################.
^##..............................
#################################
.................................
#################################


You could see Menkaure (fast) and a mummy.

Vanquished Creatures
  An iguana (D:4)
  Ijyb (D:3)
  2 mummies (Ossuary)
  3 gnolls
  An adder (D:2)
  A dart slug (D:2)
  3 orcs (D:3)
  6 bats
  3 endoplasms
  2 giant cockroaches
  8 goblins
  7 hobgoblins
  3 kobolds (D:1)
  A quokka (D:1)
  6 ball pythons
  4 frilled lizards
  5 gnoll skeletons (Ossuary)
  5 gnoll zombies (Ossuary)
  3 goblin skeletons (Ossuary)
  2 goblin zombies (Ossuary)
  6 hobgoblin skeletons (Ossuary)
  3 hobgoblin zombies (Ossuary)
  7 kobold skeletons (Ossuary)
  5 kobold zombies (Ossuary)
  3 orc skeletons (Ossuary)
  4 orc zombies (Ossuary)
  8 rats
  A rat skeleton (Ossuary)
  4 rat zombies (Ossuary)
  A spectral kobold (D:2)
109 creatures vanquished.

Vanquished Creatures (others)
  Robin (D:2)
  An adder (D:2)
  3 endoplasms
  2 bats (D:2)
  10 goblins (D:2)
  A hobgoblin (D:2)
  2 jackals (D:4)
  A quokka (D:2)
  A frilled lizard (D:3)
  A hobgoblin zombie (Ossuary)
  A rat (D:3)
  A rat zombie (Ossuary)
25 creatures vanquished.

Grand Total: 134 creatures vanquished

Notes
Turn   | Place    | Note
-------+----------+-------------------------------------------
     0 | D:1      | Jase the Hill Orc Monk began the quest for the Orb.
     0 | D:1      | Reached XP level 1. HP: 19/19 MP: 1/1
   176 | D:1      | Reached XP level 2. HP: 27/27 MP: 2/2
   406 | D:1      | Reached skill level 1 in Armour
   538 | D:1      | Reached XP level 3. HP: 33/33 MP: 3/3
  1059 | D:2      | Reached skill level 5 in Axes
  1142 | D:2      | Found a faded altar of an unknown god.
  1159 | D:2      | Prayed at the altar of an unknown god.
  1159 | D:2      | Became a worshipper of Jiyva Jeanipla the Shapeless
  1159 | D:2      | Reached * piety under Jiyva
  1159 | D:2      | Reached ** piety under Jiyva
  1182 | D:2      | Reached *** piety under Jiyva
  1235 | D:2      | Gained mutation: You are somewhat resistant to further
                  | mutation. [Jiyva's grace]
  1235 | D:2      | Gained mutation: You are somewhat resistant to both further
                  | mutation and mutation removal. [Jiyva's grace]
  1235 | D:2      | Gained mutation: You are almost entirely resistant to
                  | further mutation and mutation removal. [Jiyva's grace]
  1235 | D:2      | Gained mutation: Armour fits poorly on your pseudopods.
                  | [Jiyva's grace]
  1367 | D:2      | Killed Robin
  1616 | D:2      | You fall into a shaft and drop 1 floor!
  1626 | D:3      | Reached XP level 4. HP: 40/40 MP: 4/4
  1796 | D:3      | Identified the +4 robe of Complete Protection {Rampage
                  | Archmagi}
  1865 | D:3      | Reached **** piety under Jiyva
  2028 | D:3      | Noticed Ijyb
  2061 | D:3      | Killed Ijyb
  2347 | D:3      | Found Kecuas's Magic Scroll Shop.
  2350 | D:3      | Bought a scroll of identify for 24 gold pieces
  2354 | D:3      | Bought a scroll of teleportation for 36 gold pieces
  2482 | D:3      | Reached XP level 5. HP: 36/47 MP: 5/5
  2506 | D:4      | Found an ancient bone altar of Kikubaaqudgha.
  2611 | D:4      | Found a sand-covered staircase.
  2797 | Ossuary  | Entered an ossuary
  3156 | Ossuary  | Reached skill level 6 in Axes
  3168 | Ossuary  | Noticed Menkaure
  3178 | Ossuary  | Reached skill level 5 in Fighting
  3179 | Ossuary  | Mangled by Menkaure

Illustrated notes

Levels and vault maps discovered:
D:1:      saegor_arrival_simple_b, layout_basic, minmay_vboxes
D:2:      layout_basic, dreamdust_ecumenical_altar_drowned_temple,
          due_unseen_surprise, uniq_robin
D:3:      layout_loops_ring, serial_shops, nicolae_shop_rolled_up,
          hangedman_decor_growths, uniq_ijyb
D:4:      layout_basic, mainiacjoe_overflow_chevrons, kiku_gazebo_garden_becter,
          nicolae_ossuary_entry_false_entrances, guppyfry_shop_venom
Ossuary:  ossuary_due_pyramid

Skill      XL: |  1  2  3  4  5 |
---------------+----------------+-----
Armour         | 1 2 3 |  3.2
Axes           | 5 6 |  6.0
Fighting       | 4 5 |  5.0
Dodging        | |  2.6

Action                     |  1- 3 |  4- 6 || total
---------------------------+-------+-------++-------
  Melee: Hand axe          |   127 |   221 ||   348
         Pseudopods        |     3 |    67 ||    70
    Use: Scroll            |       |     5 ||     5
         Potion            |       |     1 ||     1
 Armour: Robe              |    12 |       ||    12
         Chain mail        |    92 |   120 ||   212
  Dodge: Dodged            |    44 |    69 ||   113
